 Dungeon Crawl Stone Soup version 0.21.1-1-g345015f (webtiles) character file.

75191 Fang the Severer (level 15, 0/151 HPs)
             Began as a Gargoyle Berserker on June 4, 2018.
             Was the Champion of Trog.
             Slain by Agnes
             ... wielding a +5 lajatang of electrocution
              (14 damage)
             ... on level 15 of the Dungeon.
             The game lasted 00:43:05 (29935 turns).

Fang the Severer (Gargoyle Berserker)              Turns: 29935, Time: 00:43:05

Health: 0/151      AC: 21    Str: 33    XL:     15   Next: 49%
Magic:  15/15      EV: 18    Int:  9    God:    Trog [******]
Gold:   1560       SH:  0    Dex: 15    Spells: 14/14 levels left

rFire    . . .     SeeInvis .   J - +10 battleaxe of Xiass {flame, rN+ Dex+6}
rCold    . . .     Gourm    .   (shield currently unavailable)
rNeg     + + .     Faith    +   H - +2 leather armour of Kuxon {+Fly MR+ Stlth-}
rPois    ∞         Spirit   .   (no helmet)
rElec    +         Reflect  .   (no cloak)
rCorr    .         Harm     .   (no gloves)
MR       ++...                  (no boots)
Stlth    ..........             b - amulet of faith
HPRegen  0.35/turn              I - +2 ring of intelligence
MPRegen  0.14/turn              W - +4 ring of protection

@: berserking, flying, very quick
A: big wings, camouflage 1, negative energy resistance 1, electricity
resistance, unbreathing, petrification resistance, rot immunity, AC +11
a: Stop Flying, Berserk, Trog's Hand, Brothers in Arms, Burn Spellbooks,
Renounce Religion


You were on level 15 of the Dungeon.
You worshipped Trog.
Trog was exalted by your worship.
You were very hungry.

You visited 3 branches of the dungeon, and saw 22 of its levels.

You collected 1560 gold pieces.

Inventory:

Hand Weapons
 a - a +4 battleaxe of chopping
 f - a +4 executioner's axe of pain
 s - a +4 battleaxe
 z - the +8 mithril axe "Arga" {speed, MR+}
   (You acquired it on level 9 of the Dungeon)

   Attacks with this weapon are significantly faster.
   It affects your resistance to hostile enchantments.
 J - the +10 battleaxe of Xiass (weapon) {flame, rN+ Dex+6}
   (Trog gifted it to you on level 14 of the Dungeon)

   It has been specially enchanted to burn those struck by it, causing extra
   injury to most foes and up to half again as much damage against particularly
   susceptible opponents.
   Big, fiery blades are also staple armaments of hydra-hunters.
   It affects your dexterity (+6).
   It protects you from negative energy.
 K - a +4 antimagic executioner's axe
 Q - the +6 war axe "Dacrell" {protect, rC++ Str+5 Dex-4}
   (Trog gifted it to you on level 2 of the Lair of Beasts)

   It protects the one who uses it against injury (+AC on strike).
   It affects your strength (+5).
   It affects your dexterity (-4).
   It greatly protects you from cold.
 S - a +3 antimagic hand axe
 Y - a +3 battleaxe of freezing
 Z - the +8 frozen axe "Frostbite" {freezing cloud, *Noise +Fly rC+}
   (You took it off a frost giant on level 12 of the Dungeon)

   It has been specially enchanted to freeze those struck by it, causing extra
   injury to most foes and up to half again as much damage against particularly
   susceptible opponents.
   It can also slow down cold-blooded creatures.
   It protects you from cold.
   It lets you fly.
   It may make noises in combat.
Missiles
 t - 5 javelins of returning (quivered)
Armour
 H - the +2 leather armour of Kuxon (worn) {+Fly MR+ Stlth-}
   (You found it on level 10 of the Dungeon)

   It affects your resistance to hostile enchantments.
   It lets you fly.
   It makes you less stealthy.
Jewellery
 b - an amulet of faith (around neck)
 h - an uncursed ring of fire
 v - a +2 ring of dexterity
 I - a +2 ring of intelligence (left hand)
 W - a +4 ring of protection (right hand)
Wands
 x - a wand of flame (60)
 C - a wand of digging (15)
 D - a wand of random effects (18)
 E - a wand of disintegration (22)
 M - a wand of enslavement (7)
 P - a wand of iceblast (32)
 R - a wand of polymorph (9)
 V - a wand of scattershot (5)
Scrolls
 k - 12 scrolls of identify
 m - 3 scrolls of fog
 q - 6 scrolls of remove curse
 w - 14 scrolls of teleportation
 y - 6 scrolls of magic mapping
 A - a scroll of holy word
 G - 2 scrolls of enchant armour
 L - 2 scrolls of blinking
Potions
 d - a potion of resistance
 e - 2 potions of brilliance
 g - 4 potions of lignification
 i - 6 potions of haste
 l - 4 potions of heal wounds
 n - 5 potions of cancellation
 o - 2 potions of might
 p - 2 potions of berserk rage
 r - a potion of agility
 u - 9 potions of curing
 X - a potion of invisibility
Miscellaneous
 U - a box of beasts
Comestibles
 c - 27 rations
 j - 2 chunks of flesh


   Skills:
 + Level 14.3 Fighting
 + Level 17.5 Axes
 + Level 6.0 Armour
 + Level 8.8 Dodging
 + Level 7.2 Stealth


You had 14 spell levels left.
You didn't know any spells.

Dungeon Overview and Level Annotations

Branches:
Dungeon (15/15)            Temple (0/1) D:6            Lair (6/6) D:11
 Shoals (0/4) Lair:3        Snake (0/4) Lair:2        Slime (0/5) Lair:5
    Orc (1/2) D:9          Vaults (0/5) D:13
 Depths: D:15

Altars:
Cheibriados
Dithmenos
Elyvilon
Ru
Trog

Shops:
D:7 *   D:12 (   D:13 }   D:15 :

Portals:
Trove: D:13 (give 2 scrolls of acquirement)

Annotations:
D:14 exclusion: Roxanne, Roxanne
D:15 Agnes
Lair:1 exclusion: 2 oklob plants


Innate Abilities, Weirdness & Mutations

You are resistant to torment.
Your stone body is resilient. (AC +11)
You are immune to poison.
Your large and strong wings let you fly indefinitely.
You resist negative energy. (rN+)
You are resistant to electric shocks. (rElec)
You can survive without breathing.
You are immune to petrification.
You are immune to rotting.
Your skin changes colour to match your surroundings (Stealth+).


Message History

Unknown command.
You are too injured to fight recklessly!
Unknown command.
You are too injured to fight recklessly!
Unknown command.
You are too injured to fight recklessly!
You closely miss Agnes.
Agnes is severely wounded.
Agnes hits you with a lajatang of electrocution!!
* * * LOW HITPOINT WARNING * * *
Unknown command.
You barely miss Agnes.
Agnes is severely wounded.
The centaur warrior shoots an arrow.
The arrow hits you!
* * * LOW HITPOINT WARNING * * *
Unknown command.
You barely miss Agnes.
Agnes is severely wounded.
Agnes hits you with a lajatang of electrocution!
You die...

#.#####. #....!
.###....... #....
..........# ..5..
#####.<.## ..Z.
##.## ##.<#####
#.) #.... ..# ####
#..i# #.# #..@#
#.# #...###.##
#.#!##...######
#.#!...#......# #
#.##...####.#
#.###.## #.#
#c......###.######
......#.....(..†..
##################


You could see Agnes, a centaur warrior, a shadow imp and a wolf spider zombie.

Vanquished Creatures
  Kirke (Lair:5)
  A frost giant (D:12)
  2 entropy weavers (Lair:5)
  The ghost of faustus the Carver, a journeyman MiBe of Trog (D:13)
  The ghost of snha the Spear-Bearer, a journeyman CeAK of Lugonu (Lair:4)
  A yaktaur captain (D:13)
  Harold (Lair:3)
  6 hydras
  A centaur warrior (D:13)
  4 two-headed ogres
  A queen ant (Lair:5)
  A death yak (Lair:5)
  Urug (Lair:5)
  The ghost of Fang the Cleaver, a novice GrBe of Trog (D:9)
  Sonja (D:11)
  Pikel (D:6)
  The ghost of Naiya55 the Geomancer, a novice GrEE of Vehumet (D:6)
  10 ugly things
  A deep elf mage (D:13)
  2 cyclopes
  The ghost of Fang the Chopper, a novice GrBe of Trog (D:7)
  Joseph (D:7)
  A guardian serpent (Lair:2)
  Psyche (D:8)
  A torpor snail (Lair:2)
  2 centaur zombies
  6 black mambas
  A gargoyle (D:14)
  5 rime drakes
  23 spiny frogs
  2 yaktaurs (D:13)
  8 komodo dragons
  An efreet (D:14)
  3 trolls
  3 polar bears
  A queen bee (D:11)
  2 hornets (D:9)
  5 tyrant leeches (Lair:6)
  A hornet (shapeshifter) (D:13)
  A snapping turtle (Lair:3)
  2 slime creatures (Lair:5)
  19 blink frogs
  11 hippogriffs
  A vampire (D:14)
  5 wyverns
  4 hungry ghosts
  68 yaks
  A hog (Lair:5)
  9 vampire mosquitoes
  2 steam dragons
  4 soldier ants
  An acid dragon (D:11)
  10 water moccasins
  4 porcupines
  2 hell hounds (Lair:1)
  2 black bears
  9 ice beasts
  A hornet zombie (D:13)
  6 orc warriors
  2 phantoms
  A slave (D:6)
  A sky beast (D:10)
  An eye of draining (D:12)
  A necrophage (D:12)
  6 ogres
  5 wolves (Lair:4)
  8 centaurs
  9 crocodiles
  Blork the orc (D:6)
  2 big kobolds
  28 bullfrogs
  A wyvern zombie (D:12)
  A water moccasin zombie (D:7)
  A wyvern skeleton (D:7)
  5 scorpions
  15 wights
  29 killer bees
  4 electric eels
  A bullfrog zombie (D:6)
  6 howler monkeys
  6 jellies
  A quasit (D:11)
  9 hounds
  A bullfrog skeleton (D:11)
  10 orc priests
  4 centaur skeletons
  19 orc wizards
  3 iguanas
  19 worker ants
  A hound zombie (D:5)
  2 hound skeletons
  A howler monkey zombie (D:9)
  2 worker ant zombies
  9 adders
  3 howler monkey skeletons
  3 shadow imps
  4 worms
  2 dart slugs
  8 leopard geckos
  67 orcs
  4 giant cockroaches
  14 goblins
  7 hobgoblins
  7 jackals
  15 quokkas
  3 ball pythons
  10 bats
  5 frilled lizards
  8 kobolds
  A quokka zombie (D:7)
  15 rats
  10 fungi
  16 plants
686 creatures vanquished.

Vanquished Creatures (others)
  2 humans (Lair:5)
  A bullfrog (D:6)
  A scorpion (D:6)
  A howler monkey (D:12)
  A crimson imp (D:6)
  3 hounds (D:6)
  A killer bee zombie (D:6)
  An adder (D:6)
  A leopard gecko (D:6)
  An orc (D:4)
  2 quokkas (D:6)
  A ball python (D:6)
  A bush (Lair:6)
  15 fungi
  56 plants
88 creatures vanquished.

Grand Total: 774 creatures vanquished

Notes
Turn   | Place    | Note
-------+----------+-------------------------------------------
     0 | D:1      | Fang the Gargoyle Berserker began the quest for the Orb.
     0 | D:1      | Reached XP level 1. HP: 14/14 MP: 1/1
    91 | D:1      | Reached XP level 2. HP: 15/19 MP: 2/2
   335 | D:1      | Reached skill level 3 in Axes
   360 | D:1      | Reached XP level 3. HP: 20/24 MP: 3/3
   738 | D:1      | Reached ** piety under Trog
  1243 | D:2      | Reached XP level 4. HP: 25/29 MP: 4/4
  1493 | D:2      | Found a sacrificial altar of Ru.
  1945 | D:3      | Reached XP level 5. HP: 33/33 MP: 5/5
  2347 | D:3      | Reached *** piety under Trog
  2348 | D:3      | Reached skill level 4 in Axes
  2363 | D:3      | Found a shadowy altar of Dithmenos.
  2813 | D:4      | Reached skill level 1 in Stealth
  2858 | D:4      | Reached XP level 6. HP: 23/39 MP: 6/6
  3129 | D:4      | Reached skill level 5 in Axes
  3588 | D:4      | Reached XP level 7. HP: 40/44 MP: 7/7
  4065 | D:5      | Entered Level 5 of the Dungeon
  4071 | D:5      | Reached skill level 5 in Fighting
  4641 | D:5      | Reached skill level 6 in Axes
  4675 | D:5      | Reached **** piety under Trog
  4777 | D:5      | Reached XP level 8. HP: 28/50 MP: 8/8
  5388 | D:6      | Noticed Pikel
  5396 | D:6      | Found a sacrificial altar of Ru.
  5457 | D:6      | HP: 3/75 [slave[Pikel] (1)]
  5457 | D:6      | HP: 1/75 [Pikel/whip of freezing (1)]
  5459 | D:6      | Killed Pikel
  5459 | D:6      | Reached skill level 7 in Axes
  6159 | D:6      | Reached XP level 9. HP: 41/55 MP: 9/9
  6360 | D:6      | Found a staircase to the Ecumenical Temple.
  6437 | D:6      | Noticed Blork the orc
  6460 | D:6      | Killed Blork the orc
  6478 | D:6      | Reached skill level 8 in Axes
  6596 | D:6      | Found a white marble altar of Elyvilon.
  6597 | D:6      | Noticed Naiya55's ghost (novice GrEE)
  6617 | D:6      | Killed Naiya55's ghost
  7208 | D:7      | Reached skill level 5 in Dodging
  7429 | D:7      | Noticed Fang's ghost (novice GrBe)
  7436 | D:7      | Killed Fang's ghost
  7436 | D:7      | Reached skill level 9 in Axes
  7520 | D:7      | Identified 3 scrolls of acquirement
  7577 | D:7      | Found Obloept's Assorted Antiques.
  8177 | D:7      | Reached XP level 10. HP: 63/63 MP: 10/10
  8225 | D:7      | Noticed Joseph
  8247 | D:7      | Killed Joseph
  9032 | D:8      | Noticed a two-headed ogre
  9051 | D:8      | Killed a two-headed ogre
  9051 | D:8      | Reached skill level 10 in Axes
  9110 | D:8      | Noticed Psyche
  9118 | D:8      | Killed Psyche
  9118 | D:8      | Reached skill level 5 in Stealth
 10353 | D:9      | Found the +8 mithril axe "Arga" {speed, MR+}
 10432 | D:9      | Noticed Fang's ghost (novice GrBe)
 10439 | D:9      | Killed Fang's ghost
 10439 | D:9      | Reached skill level 11 in Axes
 10441 | D:9      | Reached XP level 11. HP: 69/69 MP: 11/11
 11010 | D:9      | Reached ***** piety under Trog
 11020 | D:9      | Found a staircase to the Orcish Mines.
 11379 | Orc:1    | Entered Level 1 of the Orcish Mines
 11462 | D:10     | Entered Level 10 of the Dungeon
 11495 | D:10     | Got a blackened leather armour
 11499 | D:10     | Received a gift from Trog
 11512 | D:10     | Identified the +2 leather armour of Kuxon {+Fly MR+ Stlth-} (You found it on level 10 of the Dungeon)
 11747 | D:10     | Reached skill level 12 in Axes
 12336 | D:11     | Found a bloodstained altar of Trog.
 12382 | D:11     | Noticed a two-headed ogre
 12387 | D:11     | Killed a two-headed ogre
 12617 | D:11     | Noticed a brown ugly thing
 12623 | D:11     | Killed a brown ugly thing
 12718 | D:11     | Reached skill level 10 in Fighting
 12762 | D:11     | Reached XP level 12. HP: 77/77 MP: 12/12
 12796 | D:11     | Noticed a two-headed ogre
 12799 | D:11     | Received a gift from Trog
 12806 | D:11     | Killed a two-headed ogre
 12890 | D:11     | Noticed Sonja
 12897 | D:11     | Reached skill level 13 in Axes
 13315 | D:11     | Found a staircase to the Lair.
 13547 | Lair:1   | Entered Level 1 of the Lair of Beasts
 13826 | Lair:1   | Noticed a six-headed hydra
 13855 | Lair:1   | Killed a 12-headed hydra
 14904 | Lair:2   | Found a staircase to the Snake Pit.
 15312 | Lair:2   | Reached skill level 14 in Axes
 15924 | Lair:2   | Received a gift from Trog
 15924 | Lair:2   | Reached XP level 13. HP: 84/84 MP: 13/13
 15930 | Lair:2   | Got a jewelled war axe {god gift}
 15931 | Lair:2   | Identified the +6 war axe "Dacrell" {protect, rC++ Str+5 Dex-4} (Trog gifted it to you on level 2 of the Lair of Beasts)
 16890 | Lair:3   | Noticed Harold
 17076 | Lair:3   | Killed Harold
 17788 | Lair:3   | Found a staircase to the Shoals.
 18146 | Lair:4   | Noticed snha's ghost (journeyman CeAK)
 18167 | Lair:4   | Killed snha's ghost
 18564 | Lair:4   | Reached skill level 15 in Axes
 20140 | Lair:5   | Found a staircase to the Slime Pits.
 20157 | Lair:5   | Reached ****** piety under Trog
 20169 | Lair:5   | Noticed Kirke
 20466 | Lair:5   | Killed Kirke
 20555 | Lair:5   | Noticed Urug
 20568 | Lair:5   | Killed Urug
 20568 | Lair:5   | Received a gift from Trog
 20568 | Lair:5   | Gained mutation: Your large and strong wings let you fly indefinitely. [Gargoyle growth]
 20568 | Lair:5   | Reached XP level 14. HP: 23/92 MP: 14/14
 21020 | Lair:5   | Noticed an entropy weaver
 21031 | Lair:5   | Killed an entropy weaver
 21238 | Lair:5   | Noticed an entropy weaver
 21249 | Lair:5   | Killed an entropy weaver
 21685 | Lair:6   | Entered Level 6 of the Lair of Beasts
 21709 | Lair:5   | Reached skill level 16 in Axes
 22091 | Lair:5   | Reached skill level 5 in Armour
 23411 | Lair:6   | Gained mutation: Your skin changes colour to match your surroundings (Stealth+). [potion of mutation]
 23411 | Lair:6   | Gained mutation: You evolve. [potion of mutation]
 23495 | Lair:6   | Received a gift from Trog
 24788 | Lair:6   | Lost mutation: You evolve. [evolution]
 25110 | D:11     | Killed Sonja
 25245 | D:12     | Found Qoemniz's Weapon Shop.
 25705 | D:12     | Noticed a frost giant
 25720 | D:12     | HP: 1/94 [frost giant/bolt of cold (42)]
 25722 | D:12     | Killed a frost giant
 25722 | D:12     | Reached XP level 15. HP: 1/100 MP: 12/15
 25751 | D:12     | Reached skill level 17 in Axes
 25852 | D:12     | Received a gift from Trog
 26365 | D:13     | Noticed faustus's ghost (journeyman MiBe)
 26540 | D:13     | Killed faustus's ghost
 27392 | D:13     | Found a gate to the Vaults.
 27742 | D:13     | Found Giafatt's Gadget Emporium.
 27813 | D:13     | Found a portal to a secret trove of treasure.
 28684 | D:14     | Found a snail-covered altar of Cheibriados.
 28834 | D:14     | Received a gift from Trog
 28848 | D:14     | Got a warped battleaxe {god gift}
 28849 | D:14     | Identified the +10 battleaxe of Xiass {flame, rN+ Dex+6} (Trog gifted it to you on level 14 of the Dungeon)
 29184 | D:14     | Noticed Roxanne
 29724 | D:15     | Entered Level 15 of the Dungeon
 29926 | D:15     | Found Arazxis's Book Boutique.
 29926 | D:15     | Noticed Agnes
 29935 | D:15     | Slain by Agnes

Skill      XL: |  1  2  3  4  5  6  7  8  9 10 11 12 13 14 15 |
---------------+----------------------------------------------+-----
Axes           | 3 4 5 6 7 9 11 12 14 15 16 17 | 17.5
Dodging        | 2 3 4 5 6 7 8 |  8.8
Fighting       | 4 5 6 7 8 10 11 12 13 14 | 14.3
Stealth        | 1 2 3 4 5 6 7 |  7.2
Armour         | 3 4 5 6 |  6.0

Action                   |  1- 3 |  4- 6 |  7- 9 | 10-12 | 13-15 || total
-------------------------+-------+-------+-------+-------+-------++-------
Melee: Hand axe          |   110 |   200 |   420 |    46 |       ||   776
       Executioner's axe |       |       |       |    58 |       ||    58
       Broad axe         |       |       |       |   499 |   806 ||  1305
       War axe           |       |       |       |       |    32 ||    32
       Battleaxe         |       |       |       |       |    47 ||    47
Invok: Berserk           |     2 |     3 |    14 |    14 |    22 ||    55
       Burn Spellbooks   |       |       |       |       |     3 ||     3
 Abil: Fly               |       |       |       |       |     1 ||     1
  Use: Scroll            |       |       |    12 |    20 |     7 ||    39
       Potion            |       |       |       |     1 |     3 ||     4
 Stab: Sleeping          |       |     2 |     6 |     6 |     5 ||    19
       Distracted        |       |       |     1 |     1 |       ||     2
  Eat: Chunk             |     3 |     8 |    11 |    20 |    36 ||    78
       Ration            |       |     1 |     5 |     5 |     9 ||    20
Armor: Animal skin       |    36 |    74 |   108 |    51 |       ||   269
       Leather armour    |       |       |       |   112 |   251 ||   363
Dodge: Dodged            |    68 |   129 |   280 |   382 |   478 ||  1337
